 Dungeon Crawl Stone Soup version 0.29.1-2-gbd0b4ee654 (webtiles) character file.

Game seed: 9166153739367298998

1869 cdecastro the Timeless (level 9, -2/84 HPs)
             Began as a Hill Orc Monk on Nov 20, 2022.
             Was a High Priest of Cheibriados.
             Slain by a two-headed ogre
             ... wielding a +0 giant club
              (17 damage)
             ... on level 6 of the Dungeon.
             The game lasted 00:09:25 (7386 turns).

cdecastro the Timeless (Hill Orc Monk)              Turns: 7386, Time: 00:09:25

Health: -2/84      AC: 10    Str: 25    XL:     9   Next: 13%
Magic:  20/25      EV: 11    Int: 25    God:    Cheibriados [*****.]
Gold:   278        SH:  0    Dex: 24    Spells: 8/8 levels left

rFire   . . .      SeeInvis .   C - +3 hand axe (freeze)
rCold   + + .      Faith    .   (no shield)
rNeg    . . .      Spirit   .   w - +2 scale mail {rC+}
rPois   .          Reflect  .   (no helmet)
rElec   .          Harm     .   y - +0 cloak
rCorr   .          Rampage  .   v - +0 pair of gloves
Will    ++...                   (no boots)
Stlth   +.........              (no amulet)
HPRegen 0.24/turn               c - ring of Miugieka {rC+ Will++ MP+9}
MPRegen 0.19/turn               (no ring)

@: very slow
A: no striking features
a: Renounce Religion, Bend Time, Temporal Distortion, Slouch, Step From Time


You were on level 6 of the Dungeon.
You worshipped Cheibriados.
Cheibriados was extremely pleased with you.
You visited 1 branch of the dungeon, and saw 6 of its levels.

You collected 278 gold pieces.

Inventory:

Hand Weapons
 B - a +4 morningstar
 C - a +3 hand axe of freezing (weapon)
Missiles
 s - 7 javelins
 x - 5 boomerangs (quivered)
Armour
 v - a +0 pair of gloves (worn)
 w - a +2 scale mail of cold resistance (worn)
 y - a +0 cloak (worn)
 E - a +0 pair of boots
Magical Staves
 o - a staff of fire
Jewellery
 c - the ring of Miugieka (left hand) {rC+ Will++ MP+9}
   (You took it off a goblin on level 2 of the Dungeon)

   [ring of magical power]

   rC:        It protects you from cold.
   MP:        It affects your magic capacity (+9).
   Will:      It greatly increases your willpower.
Wands
 a - a wand of paralysis (5)
Scrolls
 b - a scroll of brand weapon {unknown}
 d - 2 scrolls of noise {unknown}
 e - 4 scrolls of identify
 f - 2 scrolls of amnesia {unknown}
 g - a scroll of immolation {unknown}
 k - 3 scrolls of enchant weapon
 l - 2 scrolls of fear {unknown}
 n - a scroll of poison {unknown}
 p - a scroll of blinking {unknown}
 q - a scroll of magic mapping {unknown}
 r - a scroll of summoning {unknown}
 t - 2 scrolls of vulnerability {unknown}
 u - a scroll of enchant armour {unknown}
 A - a scroll of silence {unknown}
Potions
 h - a potion of berserk rage
 i - a potion of attraction {unknown}
 j - a potion of degeneration {unknown}
 m - 2 potions of curing {unknown}
 z - 3 potions of mutation {unknown}
 D - 2 potions of might {unknown}


   Skills:
 + Level 9.6 Fighting
 - Level 7.0 Axes
 - Level 2.4 Dodging
 - Level 1.5 Stealth
 - Level 10.0 Invocations


You had 8 spell levels left.
You didn't know any spells.
Your spell library contained the following spells:

 Spells                   Type           Power      Damage    Failure   Level
 Shock                    Conj/Air       0%         1d3       32%         1
 Swiftness                Air            0%         N/A       69%         3
 Airstrike                Air            0%         2d(0-16)  97%         4


Dungeon Overview and Level Annotations

Branches:
Dungeon (6/15)
 Temple: D:4-7

Altars:
Cheibriados
Dithmenos
Kikubaaqudgha
Sif Muna

Shops:
D:1 :   D:6 (

Annotations:
D:3 exclusion: door
D:4 Grinder


Message History

An orc priest comes into view. It is wielding a +0 hand axe.
A two-headed ogre comes into view. It is wielding two +0 giant clubs.
The orc closely misses you.
The two-headed ogre shouts in stereo!
You hear a shout!
An orc wizard comes into view. It is wielding a +0 dagger.
The orc hits you from afar with a +0 trident.
An orc comes into view. It is wielding a +0 flail.
The orc closely misses you. The orc closely misses you.
The orc priest looks encouraged for a moment.
There is an open door here.
The two-headed ogre hits you with a +0 giant club! x2
The two-headed ogre attacks as you move away!
The two-headed ogre hits you with a +0 giant club!
* * * LOW HITPOINT WARNING * * *
The two-headed ogre hits you with a +0 giant club!!
* * * LOW HITPOINT WARNING * * *
The orc priest barely misses you.
The two-headed ogre completely misses you.
The two-headed ogre barely misses you. The orc closely misses you.
The orc priest attacks as you move away!
The orc priest barely misses you.
The orc hits you from afar with a +0 trident.
* * * LOW HITPOINT WARNING * * *
As you read the scroll labelled DUHEVV PEOCE, it crumbles to dust.
It is a scroll of identify.
k - 3 scrolls of enchant weapon The orc hits you from afar with a +0 trident.
* * * LOW HITPOINT WARNING * * *
Activating: Slouch (1% risk of failure)
Press: ? - help, Dir - look around, f - activate You can feel time thicken for a moment.
You kill the orc!
Cheibriados thoroughly appreciates the change of pace.
You kill the orc priest!
Cheibriados appreciates the change of pace.
Cheibriados lowers the support of your attributes as your movement quickens.
The two-headed ogre closely misses you.
The two-headed ogre hits you with a +0 giant club!
You die...

........... .........
######+## #.##...# #
#.......###.##...# ..
#.......#........# ...
#.......#........#....
#.......#........'....
#.......#.......o#.... ##
#####....@O)###'##...# .o.
.#######.....#####).....#...#
.. .......#.>...#
#......#...# o .......#.....#
#......##### .......#.....#
#......... ..######.....#
#.......... ..#..........#
#######..... ..#.....######
..... ..'.....# .....


You could see a two-headed ogre.

Vanquished Creatures
  2 ice beasts
  An ogre (D:6)
  A centaur (D:6)
  A phantom (D:5)
  2 scorpions
  4 necrophages
  11 wights (D:5)
  A human zombie (D:5)
  A jelly (D:6)
  3 orc priests
  3 hounds
  2 iguanas (D:5)
  A hound zombie (D:5)
  A mummy (D:5)
  6 adders
  10 gnolls
  A worm (D:2)
  A dart slug (D:1)
  6 orcs
  2 bats
  5 endoplasms
  3 giant cockroaches
  8 goblins
  2 hobgoblins (D:1)
  2 jackals (D:2)
  2 kobolds
  7 quokkas
  6 ball pythons
  11 frilled lizards
  8 rats
  A spectral kobold (D:1)
115 creatures vanquished.

Vanquished Creatures (others)
  6 plants (D:3)
6 creatures vanquished.

Grand Total: 121 creatures vanquished

Notes
Turn   | Place    | Note
-------+----------+-------------------------------------------
     0 | D:1      | cdecastro the Hill Orc Monk began the quest for the Orb.
     0 | D:1      | Reached XP level 1. HP: 19/19 MP: 1/1
   258 | D:1      | Found a faded altar of an unknown god.
   266 | D:1      | Prayed at the altar of an unknown god.
   266 | D:1      | Became a worshipper of Cheibriados the Contemplative
   266 | D:1      | Reached * piety under Cheibriados
   266 | D:1      | Reached ** piety under Cheibriados
   310 | D:1      | Found Keen's Book Emporium.
   330 | D:1      | Reached XP level 2. HP: 7/26 MP: 2/2
   332 | D:1      | Reached *** piety under Cheibriados
   782 | D:1      | Reached skill level 5 in Axes
  1153 | D:2      | Reached XP level 3. HP: 20/31 MP: 3/3
  1548 | D:2      | Found a shimmering blue altar of Sif Muna.
  2097 | D:2      | Identified the ring of Miugieka {rC+ Will++ MP+9}
  2117 | D:2      | Reached XP level 4. HP: 38/39 MP: 4/4
  2742 | D:3      | Found a snail-covered altar of Cheibriados.
  2916 | D:3      | Found a shimmering blue altar of Sif Muna.
  3070 | D:3      | Reached **** piety under Cheibriados
  3253 | D:4      | Noticed Grinder
  3328 | D:4      | Noticed a scorpion
  3338 | D:4      | Killed a scorpion
  3339 | D:4      | Reached skill level 3 in Invocations
  3339 | D:4      | Reached XP level 5. HP: 38/45 MP: 4/7
  3500 | D:4      | Reached skill level 4 in Invocations
  3504 | D:4      | Reached XP level 6. HP: 30/51 MP: 7/9
  3645 | D:4      | Reached skill level 5 in Invocations
  3739 | D:4      | Paralysed by Grinder for 2 turns
  3977 | D:4      | Paralysed by Grinder for 2 turns
  3980 | D:5      | Entered Level 5 of the Dungeon
  4056 | D:5      | HP: 1/52 [gnoll/+0 spear (6)]
  4395 | D:5      | Reached ***** piety under Cheibriados
  4396 | D:5      | Reached skill level 6 in Invocations
  4439 | D:5      | Reached XP level 7. HP: 54/58 MP: 10/12
  4473 | D:5      | Reached skill level 7 in Invocations
  4494 | D:5      | Reached skill level 8 in Invocations
  4939 | D:5      | Found a shadowy altar of Dithmenos.
  5172 | D:5      | Reached skill level 9 in Invocations
  5374 | D:5      | Reached XP level 8. HP: 60/66 MP: 15/15
  5681 | D:5      | Reached skill level 10 in Invocations
  5989 | D:5      | Reached skill level 5 in Fighting
  6307 | D:5      | Found an ancient bone altar of Kikubaaqudgha.
  6804 | D:6      | Reached XP level 9. HP: 20/82 MP: 16/16
  7092 | D:6      | Found Moan's Antique Weapon Emporium.
  7373 | D:6      | Noticed a two-headed ogre
  7386 | D:6      | Slain by a two-headed ogre

Illustrated notes

Levels and vault maps discovered:
D:1:      dpeg_arrival_shelter, layout_loops_ring, serial_shops, shop,
          dreamdust_ecumenical_altar_drowned_temple
D:2:      minmay_recursive_quarters, layout_basic, basic_altar
D:3:      layout_rooms, led_sif_book, mainiacjoe_overflow_alcove_1,
          minmay_misc_feat_cross, minmay_lizard_king
D:4:      layout_rooms, gammafunk_ghost_split, grunt_tough_drop, uniq_grinder
D:5:      layout_loops_ring, nicolae_dithmenos_shadow_blocks,
          lemuel_mausoleum_altar_kikubaaqudgha, minivault_4
D:6:      layout_gridville, serial_shops, nicolae_shop_stone,
          kennysheep_generic_room_13

Skill      XL: |  1  2  3  4  5  6  7  8  9 |
---------------+----------------------------+-----
Axes           | 5 6 7 |  7.0
Invocations    | 3 4 6 9 10 | 10.0
Fighting       | 8 9 |  9.6
Dodging        | |  2.4
Stealth        | |  1.5

Action                   |  1- 3 |  4- 6 |  7- 9 || total
-------------------------+-------+-------+-------++-------
Melee: Hand axe          |   126 |   176 |   190 ||   492
       Punch             |     1 |     4 |     4 ||     9
       Morningstar       |       |       |    21 ||    21
Invok: Slouch            |       |       |     2 ||     2
  Use: Potion            |     1 |       |       ||     1
       Scroll            |       |       |     1 ||     1
 Stab: Sleeping          |     8 |       |       ||     8
Armor: Robe              |    24 |     7 |       ||    31
       Scale mail        |       |    41 |    61 ||   102
Dodge: Dodged            |   114 |   106 |   110 ||   330
